Map: Zen LE

Players

Temple - Winner!

  • Race: Protoss Protoss
  • Spawn Location: 7:00

Krakpot

  • Race: Terran Terran
  • League: Silver
  • Spawn Location: 1:00

VOD

Have the link to the VOD?

Description

Time

  • Played on: March 20, 2020, 10:54 p.m.
  • Length: 8:18
Show
View Real Time Build Order
Export as new Build Order

Temple Protoss - Winner!

Build Orders: Colossus Rush 

Get SALT Encoding   

  12  0:01  Probe  
  13  0:13  Probe  
  14  0:18  Pylon  
  14  0:25  Probe  
  15  0:37  Probe (Chrono Boost)  
  15  0:42  Gateway  
  16  0:48  Probe (Chrono Boost)  
  17  0:53  Probe (Chrono Boost)  
  17  0:54  Assimilator  
  18  1:00  Assimilator  
  18  1:10  Probe  
  19  1:22  Probe  
  20  1:29  Pylon  
  20  1:30  Zealot  
  22  1:34  Probe  
  22  1:35  Cybernetics Core  
  23  1:47  Probe  
  24  1:59  Probe  
  25  2:11  Warp Gate (Chrono Boost)  
  25  2:12  Probe  
  26  2:16  Stalker  
  28  2:24  Probe  
  29  2:35  Gateway  
  29  2:36  Probe  
  30  2:40  Pylon  
  30  2:48  Probe  
  31  2:52  Robotics Facility  
  31  3:00  Probe  
  32  3:08  Nexus  
  32  3:12  Probe  
  33  3:19  Stalker (Chrono Boost)  
  35  3:20  Pylon  
  35  3:24  Probe  
  36  3:27  Sentry (Chrono Boost)  
  38  3:37  Probe  
  39  3:46  Pylon  
  39  3:57  Robotics Bay, Forge  
  39  4:08  Stalker  
  39  4:09  Zealot  
  43  4:16  Probe  
  44  4:22  Warp Prism  
  46  4:25  Protoss Ground Armor Level 1 (Chrono Boost)  
  46  4:26  Probe  
  46  4:28  Probe  
  44  4:58  Observer  
  45  5:09  Stalker  
  45  5:10  Zealot  
  47  5:20  Extended Thermal Lance (Chrono Boost)  
  47  5:22  Probe x2, Colossus (Chrono Boost)  
  55  5:33  Stalker, Zealot  
  59  5:38  Pylon  
  59  5:42  Probe x2  
  61  5:54  Probe x2  
  61  5:55  Assimilator  
  63  5:59  Assimilator  
  63  6:01  Pylon  
  63  6:06  Probe x2  
  63  6:10  Immortal  
  69  6:18  Probe x2  
  69  6:21  Stalker, Zealot  
  75  6:27  Gateway  
  75  6:28  Gateway  
  75  6:30  Probe x2  
  77  6:42  Probe  
  77  6:43  Probe  
  79  6:47  Stalker  
  79  6:48  Sentry  
  83  6:54  Probe  
  83  6:55  Probe  
  75  7:19  Zealot  
  75  7:20  Zealot  
  71  7:46  Stalker  
  71  7:47  Stalker, Zealot x2  
  79  8:03  Gateway  
  79  8:05  Gateway  
  79  8:13  Pylon  
  79  8:15  Pylon  
Show
View Real Time Build Order
Export as new Build Order

Krakpot Terran 

Build Orders: Mech 

Get SALT Encoding   

  12  0:01  SCV  
  14  0:14  SCV  
  14  0:26  SCV  
  15  0:33  Supply Depot  
  15  0:54  Refinery  
  15  0:55  SCV  
  16  1:06  Barracks  
  16  1:15  SCV  
  17  1:27  SCV  
  18  1:39  SCV  
  19  1:54  Supply Depot  
  19  2:02  Command Center, Barracks Reactor  
  19  2:10  Refinery  
  19  2:13  Orbital Command  
  19  2:23  Factory  
  19  2:39  Marine x2  
  21  2:52  SCV  
  21  2:57  Marine x2  
  24  3:05  SCV  
  25  3:14  Marine  
  25  3:15  Orbital Command, Marine  
  25  3:17  SCV  
  28  3:22  Factory Tech Lab  
  28  3:29  SCV  
  28  3:32  Marine x2  
  31  3:41  SCV  
  32  3:43  Siege Tank  
  32  3:45  Factory  
  35  3:53  SCV, Supply Depot  
  35  3:55  SCV  
  37  4:04  Refinery  
  37  4:06  Marine  
  38  4:13  Marine  
  38  4:14  SCV x2  
  41  4:18  Supply Depot  
  41  4:23  Marine  
  42  4:26  SCV  
  42  4:31  Marine  
  43  4:33  Siege Tank  
  47  4:41  Marine  
  48  4:49  Marine  
  46  4:59  Marine  
  46  5:05  Siege Tank  
  46  5:06  Marine  
  50  5:18  SCV x2  
  50  5:19  Marine  
  52  5:22  Factory Reactor  
  52  5:24  Marine  
  53  5:30  SCV  
  53  5:31  SCV  
  55  5:37  Marine  
  55  5:38  Siege Tank  
  55  5:42  Marine  
  60  5:55  Command Center, Marine  
  61  6:04  SCV  
  62  6:20  Supply Depot  
  62  6:21  Supply Depot  
  62  6:42  SCV x2  
  64  6:47  Engineering Bay  
  64  6:50  Siege Tank  
  64  6:52  Factory, Widow Mine x2  
  73  6:54  SCV x2, Marine x2  
  52  7:12  Marine x2  
  46  7:29  Marine  
  44  7:30  Marine  
  44  7:32  Orbital Command  
  44  7:36  Siege Tank  
  39  7:37  Hellion  
  39  7:38  Hellion  
  32  7:47  Marine  
  32  7:48  Marine  
Tags
 
Composition
Mech
League
Silver
Matchup
PvT
Spawn Locations
Cross Positions
Add a new tag
Caveats
  • Supply blocks, unpowered buildings, or Contaminate may cause inaccurate times.
  • Supply counts are checked every 10 seconds.